 Dungeon Crawl Stone Soup version 0.25-a0-279-g53730b6a6f (webtiles) character file.

Game seed: 9159240516982839996, levelgen mode: deterministic

151 MoonlitKnight the Charmwright (level 5, -2/38 HPs)
             Began as a Merfolk Skald on Dec 10, 2019.
             Killed from afar by an orc wizard (7 damage)
             ... with a puff of frost
             ... on level 4 of the Dungeon.
             The game lasted 00:08:31 (2931 turns).

MoonlitKnight the Charmwright (Merfolk Skald)       Turns: 2931, Time: 00:08:31

Health: -2/38      AC:  4    Str: 12    XL:     5   Next: 33%
Magic:  2/8        EV: 12    Int: 13    God:
Gold:   188        SH:  0    Dex: 15    Spells: 2/8 levels left

rFire    + . .     SeeInvis .   a - +0 spear
rCold    . . .     Gourm    .   (no shield)
rNeg     . . .     Faith    .   t - +0 leather armour
rPois    .         Spirit   .   (no helmet)
rElec    .         Reflect  .   g - +0 cloak
rCorr    .         Harm     .   (no gloves)
MR       .....                  (no boots)
Stlth    +.........             (no amulet)
HPRegen  0.12/turn              q - ring of protection from fire
MPRegen  0.11/turn              r - +2 ring of dexterity

@: very slightly contaminated
A: change form in water, swift swim, stealthy swim
a: no special abilities


You were on level 4 of the Dungeon.
You were hungry.

You visited 1 branch of the dungeon, and saw 4 of its levels.

You collected 188 gold pieces.

Inventory:

Hand Weapons
 a - a +0 spear (weapon)
 b - a +1 hunting sling
Missiles
 c - 76 stones (quivered)
 k - 82 sling bullets
 m - 4 poisoned darts
Armour
 g - a +0 cloak (worn)
 t - a +0 leather armour (worn)
Jewellery
 q - a ring of protection from fire (left hand)
 r - a +2 ring of dexterity (right hand)
Wands
 f - a wand of paralysis (7)
Scrolls
 e - a scroll of immolation {unknown}
 h - a scroll of blinking {unknown}
 l - a scroll of amnesia {unknown}
 n - a scroll of remove curse
 p - a scroll of identify {unknown}
 s - a scroll of fear {unknown}
 w - a scroll of enchant weapon
Potions
 i - a potion of invisibility
 j - a potion of lignification {unknown}
 o - 2 potions of curing
 u - a potion of heal wounds {unknown}
 v - a potion of degeneration {unknown}
 x - a potion of magic {unknown}
 A - a potion of might {unknown}
Comestibles
 d - 8 rations


   Skills:
 - Level 2.1 Fighting
 - Level 3.0 Polearms
 - Level 0.6 Armour
 - Level 2.6 Dodging
 - Level 2.0 Spellcasting
 + Level 4.8 Charms
 + Level 3.0 Translocations


You had 2 spell levels left.
You knew the following spells:

 Your Spells              Type           Power        Failure   Level  Hunger
a - Infusion              Chrm           ##..         4%          1    ##.....
b - Shroud of Golubria    Chrm/Tloc      ##....       10%         2    ###....
c - Spectral Weapon       Hex/Chrm       #.......     36%         3    ####...

Your spell library contained the following spells:

 Spells                   Type           Power        Failure   Level  Hunger
 Song of Slaying          Chrm           ##......     7%          2    ###....
 Regeneration             Chrm/Necr      #.........   36%         3    ####...


Dungeon Overview and Level Annotations

Branches:
Dungeon (4/15)
 Temple: D:4-7

Altars:
Cheibriados
Uskayaw
Xom
Zin


Message History

Confirm with . or Enter, or press ? or * to list all spells.
You draw out your weapon's spirit!
You are feeling hungry.
You hear some strange, mumbled words.
You hit something.
An orc wizard appears from thin air!
Reactivating autopickup.
Your spectral weapon closely misses the orc wizard.
The orc wizard points at you and mumbles some strange words.
The puff of frost hits you!
* * * LOW HITPOINT WARNING * * *
You miss the orc wizard.
The orc wizard is moderately wounded.
Your spectral weapon hits the orc wizard from afar.
The orc wizard hits you but does no damage.
You hit the orc wizard but do no damage.
The orc wizard is heavily wounded.
Your spectral weapon closely misses the orc wizard.
The orc wizard casts a spell at you. The puff of frost hits you!
You die...

########
#.(@o..#
#.####.#
# #.#
#{# #<#
#.# #.#
#)#
#.####.#


You could see an orc wizard and a friendly spectral +0 spear.

Vanquished Creatures
  An orc wizard (D:4)
  4 adders
  An ooze (D:1)
  A worm (D:3)
  2 dart slugs
  2 leopard geckos
  6 orcs
  A giant cockroach (D:1)
  5 goblins
  6 hobgoblins
  4 jackals (D:3)
  2 quokkas (D:3)
  2 ball pythons
  8 bats
  2 frilled lizards
  10 kobolds
  11 rats
68 creatures vanquished.

Notes
Turn   | Place    | Note
-------+----------+-------------------------------------------
     0 | D:1      | MoonlitKnight the Merfolk Skald began the quest for the
                  | Orb.
     0 | D:1      | Reached XP level 1. HP: 16/16 MP: 3/3
   252 | D:1      | Reached XP level 2. HP: 22/22 MP: 1/5
   253 | D:1      | Reached skill level 4 in Charms
   260 | D:1      | Learned a level 2 spell: Shroud of Golubria
   614 | D:1      | Reached skill level 1 in Translocations
   721 | D:1      | Reached XP level 3. HP: 25/27 MP: 6/6
   732 | D:1      | Learned a level 3 spell: Spectral Weapon
   916 | D:1      | You fall into a shaft and drop 1 floor!
  1070 | D:2      | Found a shimmering altar of Xom.
  1070 | D:2      | Found a glowing silver altar of Zin.
  1070 | D:2      | Found a snail-covered altar of Cheibriados.
  1071 | D:2      | Found a hide-covered altar of Uskayaw.
  1688 | D:2      | Reached XP level 4. HP: 24/33 MP: 7/7
  1716 | D:2      | You fall into a shaft and drop 1 floor!
  2500 | D:3      | Reached XP level 5. HP: 34/38 MP: 8/8
  2931 | D:4      | Killed from afar by an orc wizard

Levels and vault maps discovered:
D:1:      sevenhm_arrival_forest_fort_small_5, layout_loops_ring
D:2:      layout_basic, chequers_temple_overflow_statue_of_worship
D:3:      layout_loops_ring
D:4:      layout_basic, serial_shops, kennysheep_mini_moat, first_ration

Skill      XL: |  1  2  3  4  5 |
---------------+----------------+-----
Charms         | 4 |  4.8
Translocations | 1 2 3 |  3.0
Fighting       | |  2.1
Polearms       | |  3.0
Armour         | |  0.6
Dodging        | |  2.6
Spellcasting   | |  2.0

Action                   |  1- 3 |  4- 6 || total
-------------------------+-------+-------++-------
Melee: Spear             |   114 |    88 ||   202
 Fire: Hunting sling     |       |    16 ||    16
 Cast: Infusion          |     9 |     3 ||    12
       Shroud of Golubri |     1 |     3 ||     4
       Spectral Weapon   |       |     4 ||     4
  Use: Scroll            |       |     2 ||     2
       Potion            |       |     2 ||     2
 Stab: Sleeping          |     1 |       ||     1
  Eat: Chunk             |     3 |     4 ||     7
Armor: Leather armour    |    37 |    17 ||    54
Dodge: Dodged            |    68 |    40 ||   108

Table legend:
 A = Non-vault XP
 B = Vault XP
 C = Vault XP percentage of total XP
 D = Non-vault monster count
 E = Vault monster count
 F = Vault count percentage of total count
                 A         B        C        D         E       F
            +---------+---------+-------+---------+---------+-------
      Total |     216 |       0 |   0.0 |      68 |       0 |   0.0
            +---------+---------+-------+---------+---------+-------
        D:1 |      46 |       0 |   0.0 |      25 |       0 |   0.0
        D:2 |      50 |       0 |   0.0 |      17 |       0 |   0.0
        D:3 |      77 |       0 |   0.0 |      24 |       0 |   0.0
        D:4 |      43 |       0 |   0.0 |       2 |       0 |   0.0
            +---------+---------+-------+---------+---------+-------
